 Dungeon Crawl Stone Soup version 0.17.0-24-gcfadda4 (console) character file.

44 Kloppie the Ruffian (level 3, -8/29 HPs)
             Began as a Ghoul Skald on Nov 17, 2015.
             Killed from afar by Natasha (11 damage)
             ... with a magic dart
             ... on level 2 of the Dungeon.
             The game lasted 00:02:26 (1464 turns).

Kloppie the Ruffian (Ghoul Skald)                   Turns: 1464, Time: 00:02:26

Health: -8/29      AC:  5    Str: 15    XL:     3   Next: 60%
Magic:  4/4        EV: 10    Int:  7    God:
Gold:   61         SH:  0    Dex:  9    Spells: 1 memorised, 4 levels left

rFire  + . .     SeeInvis .       - Unarmed
rCold  + . .     Clarity  .     e - +0 ring mail
rNeg   + + +     SustAt   .     (no shield)
rPois  ∞         Gourm    .     (no helmet)
rElec  .         Spirit   .     (no cloak)
rCorr  .         Warding  .     (no gloves)
rMut   .         Stasis   .     (no boots)
MR     .....                    (no amulet)
Stlth  ..........               (no ring)
                                d - ring of protection from fire

@: rotting, slowed, very slow, not resistant to hostile enchantments, extremely
unstealthy
A: rotting body, claws 1, carnivore 3, cold resistance 1, negative energy
resistance 3, slow regeneration 1, torment resistance, unbreathing
a: no special abilities


You were on level 2 of the Dungeon.
You were not hungry.

You visited 1 branch of the dungeon, and saw 2 of its levels.

You collected 61 gold pieces.

Inventory:

Armour
 a - a +0 leather armour
 e - a +0 ring mail (worn)
Jewellery
 d - a ring of protection from fire (left claw)
 h - a +3 ring of strength {unknown}
 k - an uncursed amulet of faith {unknown}
Scrolls
 f - a scroll of remove curse {unknown}
Potions
 g - a potion of invisibility {unknown}
 j - a potion of lignification {unknown}
Books
 b - a book of Battle

   Spells                             Type                      Level
   a - Infusion                       Charms                       1
   b - Shroud of Golubria             Charms/Translocation         2
   c - Song of Slaying                Charms                       2
   d - Spectral Weapon                Hexes/Charms                 3
   e - Regeneration                   Charms/Necromancy            3
Comestibles
 c - 3 meat rations
 i - 4 chunks of flesh
 l - a beef jerky


   Skills:
 - Level 2.1 Fighting
 - Level 0.8 Armour
 - Level 0.8 Dodging
 + Level 4.2 Unarmed Combat
 - Level 1.7 Spellcasting
 - Level 2.6 Charms


You had 4 spell levels left.
You knew the following spells:

 Your Spells              Type           Power        Failure   Level  Hunger
a - Infusion              Chrm           #.....       28%         1    ##.....


Dungeon Overview and Level Annotations

Branches:
Dungeon (2/15)

Altars:

Annotations:
D:2 Natasha


Innate Abilities, Weirdness & Mutations

Your body is rotting away.
You thrive on raw meat.
You are immune to poison.
You have sharp fingernails.
You are carnivorous and can eat meat at any time.
Your flesh is cold resistant.
You are immune to negative energy.
You regenerate slowly when monsters are visible.
You are immune to unholy pain and torment.
You can survive without breathing.


Message History

You scratch Natasha.
Natasha is lightly wounded.
Natasha claws you.
* * * LOW HITPOINT WARNING * * *
You barely miss Natasha.
Natasha is lightly wounded.
Natasha barely misses you. Natasha closely misses you.
You scratch Natasha.
Natasha is heavily wounded.
Natasha claws you.
* * * LOW HITPOINT WARNING * * *
You scratch Natasha.
Natasha is heavily wounded.
Natasha casts a spell.
You scratch Natasha.
Natasha is severely wounded.
Natasha mumbles some strange words.
Natasha stares at you and mumbles some strange words.
The magic dart hits you!
You die...

#### ### ### .#.# #.#
#.# ...#####.#######.#
...#.....#.......#
.............###.#
.........#.#.###.##
...#...........5.<# ##
...........#.###@## ..
......###..#.###h###.#
#..#... #..#.#..S5...#
...#.#.##..#.#.#.(##.#
.(.....##..#.#.#..#..#
.... #.#.......# .#.
.............# .#
.$...........# .#
..h..........#


You could see Natasha, a crimson imp, a shadow imp and a ball python.

Vanquished Creatures
  An adder (D:2)
  An ooze (D:1)
  A giant gecko (D:1)
  3 bats (D:1)
  A giant cockroach (D:1)
  10 hobgoblins
  3 kobolds (D:1)
  2 giant newts (D:1)
  3 goblins
  3 rats (D:1)
28 creatures vanquished.

Notes
Turn   | Place    | Note
--------------------------------------------------------------
     0 | D:1      | Kloppie the Ghoul Skald began the quest for the Orb.
     0 | D:1      | Reached XP level 1. HP: 17/17 MP: 2/2
   581 | D:1      | Reached skill level 3 in Unarmed Combat
   581 | D:1      | Reached XP level 2. HP: 21/24 MP: 3/3
   806 | D:1      | Reached XP level 3. HP: 26/28 MP: 4/4
  1299 | D:1      | Reached skill level 4 in Unarmed Combat
  1431 | D:2      | Noticed Natasha
  1464 | D:2      | Killed from afar by Natasha

Action                   || total
-------------------------++-------
Melee: Unarmed           ||   132
  Eat: Chunk             ||     3
